| TOP OF THE 1ST |
|
Shreveport Braves batting - Pitching for Arkansas Travelers : RHP Reginald Jackson
|
|
Pitching: RHP Reginald Jackson
|
|
|
Batting: LHB Rusty McNealy
|
0-0: Ball 1-0: Ball 2-0: Ball 3-0: Called Strike 3-1: Swinging Strike 3-2: Base on Balls
|
|
Batting: LHB Jim Watkins
|
0-0: Ball 1-0: Ball 2-0: Fly out, F8 (Flyball, 8LD, EV 86.3 MPH)
|
|
Batting: SHB Sap Randall
|
0-0: Ball 1-0: Swinging Strike 1-1: Called Strike 1-2: Fielders Choice at 2nd, 4-6 (Groundball, 4M, EV 80.0 MPH)
|
|
Batting: RHB Alfonso Gomez
|
0-0: Ball 1-0: Ball 2-0: Foul Ball, location: 2F 2-1: Ball 3-1: Base on Balls Sap Randall to second
|
|
Batting: RHB Glenn Walker
|
0-0: Called Strike 0-1: Ball 1-1: Called Strike 1-2: Ball 2-2: Ball 3-2: SINGLE (Line Drive, 7S, EV 103.1 MPH) Sap Randall to third Alfonso Gomez to second Sap Randall scores Alfonso Gomez to third
|
|
Batting: RHB Scott Ullger
|
0-0: Fly out, F7 (Flyball, 7S, EV 90.0 MPH)
|
| Top of the 1st over - 1 run, 1 hit, 0 errors, 2 left on base; Shreveport 1 - Arkansas 0 |
| BOTTOM OF THE 1ST |
|
Arkansas Travelers batting - Pitching for Shreveport Braves : RHP Andre Treadway
|
|
Pitching: RHP Andre Treadway
|
|
|
Batting: RHB Michael Strawberry
|
0-0: Swinging Strike 0-1: Ball 1-1: SINGLE (Popup, 4D, EV 64.4 MPH)
|
|
Batting: RHB Denny Gonzalez
|
0-0: Ball 1-0: Ball 2-0: Called Strike 2-1: Ball 3-1: Called Strike 3-2: Strikes out swinging
|
|
Batting: LHB Phil Stephenson
|
0-0: Ball 1-0: Ball 2-0: Foul Ball, location: 2F 2-1: Foul Ball, location: 2F 2-2: Ball 3-2: DOUBLE (Flyball, 7LD, EV 101.9 MPH) Michael Strawberry to third Runner from 3rd tries for Home, SAFE, no throw by LF
|
|
Batting: LHB Dave Magadan
|
0-0: Called Strike 0-1: Foul Ball, location: 2F 0-2: Foul Ball, location: 2F 0-2: Ball 1-2: SINGLE (Line Drive, 7LS, EV 91.3 MPH) Phil Stephenson to third Runner from 3rd tries for Home, SAFE, throw by LF to home
|
|
Batting: RHB Kevin Seitzer
|
0-0: Swinging Strike 0-1: Ball 1-1: Called Strike 1-2: Foul Ball, location: 2F 1-2: Ball 2-2: Fly out, F9 (Line Drive, 9, EV 105.0 MPH)
|
|
Batting: LHB Terry Byrum
|
0-0: Swinging Strike 0-1: Ball 1-1: Swinging Strike 1-2: Ball 2-2: Foul Ball, location: 2F 2-2: Foul Ball, location: 2F 2-2: Foul Ball, location: 2F 2-2: Strikes out looking
|
| Bottom of the 1st over - 2 runs, 3 hits, 0 errors, 1 left on base; Shreveport 1 - Arkansas 2 |
| TOP OF THE 2ND |
|
Shreveport Braves batting - Pitching for Arkansas Travelers : RHP Reginald Jackson
|
|
Batting: RHB Les Pearsey
|
0-0: Foul Ball, location: 2F 0-1: Called Strike 0-2: Ball 1-2: Strikes out swinging
|
|
Batting: RHB Jeff Matthews
|
0-0: Called Strike 0-1: Foul Ball, location: 2F 0-2: Ball 1-2: Fly out, F8 (Line Drive, 8RD, EV 96.9 MPH)
|
|
Batting: LHB Pete Bazan
|
0-0: Called Strike 0-1: Ball 1-1: Ball 2-1: Ball 3-1: Called Strike 3-2: Foul Ball, location: 2F 3-2: Base on Balls
|
|
Batting: LHB Rusty McNealy
|
0-0: Called Strike Pickoff Throw by Catcher to First - Out!
|
| Top of the 2nd over - 0 runs, 0 hits, 0 errors, 0 left on base; Shreveport 1 - Arkansas 2 |
| BOTTOM OF THE 2ND |
|
Arkansas Travelers batting - Pitching for Shreveport Braves : RHP Andre Treadway
|
|
Batting: SHB Bob Meacham
|
0-0: Ground out 5-3 (Groundball, 5, EV 93.1 MPH)
|
|
Batting: LHB Chris Henry
|
0-0: Called Strike 0-1: Ball 1-1: Ball 2-1: SINGLE (Groundball, 4MS, EV 63.8 MPH) (infield hit)
|
|
Pinch Runner at 1st Jesus Marinez:
|
|
|
Batting: RHB Alex Duarte
|
0-0: Fly out, F9 (Flyball, 89M, EV 75.6 MPH)
|
|
Batting: RHB Michael Strawberry
|
0-0: Ball 1-0: Swinging Strike 1-1: Ball 2-1: Ball 3-1: Base on Balls Jesus Marinez to second
|
|
Batting: RHB Denny Gonzalez
|
0-0: Foul Ball, location: 2F 0-1: Called Strike 0-2: Ball 1-2: Ball 2-2: Fly out, F8 (Flyball, 8RXD, EV 105.0 MPH)
|
| Bottom of the 2nd over - 0 runs, 1 hit, 0 errors, 2 left on base; Shreveport 1 - Arkansas 2 |
| TOP OF THE 3RD |
|
Shreveport Braves batting - Pitching for Arkansas Travelers : RHP Reginald Jackson
|
|
Now at C: Bobby Bonilla
|
|
|
Batting: LHB Rusty McNealy
|
0-0: Ball 1-0: Ball 2-0: Swinging Strike 2-1: Swinging Strike 2-2: Strikes out looking
|
|
Batting: LHB Jim Watkins
|
0-0: Foul Ball, location: 2F 0-1: Ball 1-1: Foul Ball, location: 2F 1-2: Strikes out swinging
|
|
Batting: SHB Sap Randall
|
0-0: Ball 1-0: DOUBLE (Line Drive, 78M, EV 109.4 MPH)
|
|
Batting: RHB Alfonso Gomez
|
0-0: Ball 1-0: Called Strike 1-1: Called Strike 1-2: Fly out, F7 (Flyball, 7LS, EV 90.0 MPH)
|
| Top of the 3rd over - 0 runs, 1 hit, 0 errors, 1 left on base; Shreveport 1 - Arkansas 2 |
| BOTTOM OF THE 3RD |
|
Arkansas Travelers batting - Pitching for Shreveport Braves : RHP Andre Treadway
|
|
Batting: LHB Phil Stephenson
|
0-0: Called Strike 0-1: Ball 1-1: Fly out, F8 (Flyball, 89XD, EV 89.4 MPH)
|
|
Batting: LHB Dave Magadan
|
0-0: Ball 1-0: Ground out 6-3 (Groundball, 6, EV 108.1 MPH)
|
|
Batting: RHB Kevin Seitzer
|
0-0: Called Strike 0-1: Ball 1-1: Called Strike 1-2: Ball 2-2: Ball 3-2: Foul Ball, location: 2F 3-2: Base on Balls
|
|
Batting: LHB Terry Byrum
|
0-0: Ball 1-0: Ball 2-0: Ball 3-0: Called Strike 3-1: Base on Balls Kevin Seitzer to second
|
|
Batting: SHB Bob Meacham
|
0-0: Ball 1-0: Ball 2-0: Ball 3-0: Base on Balls Kevin Seitzer to third Terry Byrum to second
|
|
Batting: SHB Bobby Bonilla
|
0-0: Ball 1-0: Called Strike 1-1: Foul Ball, location: 2F 1-2: Hit by Pitch Kevin Seitzer scores Terry Byrum to third Bob Meacham to second
|
|
Batting: RHB Alex Duarte
|
0-0: Called Strike 0-1: Ball 1-1: DOUBLE (Line Drive, 7LD, EV 110.0 MPH) Terry Byrum scores Bob Meacham scores Bobby Bonilla to third Runner from 3rd tries for Home, SAFE, throw by LF to home
|
|
Pitching: LHP Stan Hawkins
|
|
|
Batting: RHB Michael Strawberry
|
0-0: Ball 1-0: Ball 2-0: Ball 3-0: Base on Balls
|
|
Batting: RHB Denny Gonzalez
|
0-0: Fly out, F3 (Line Drive, 3, EV 71.9 MPH)
|
| Bottom of the 3rd over - 4 runs, 1 hit, 0 errors, 2 left on base; Shreveport 1 - Arkansas 6 |
| TOP OF THE 4TH |
|
Shreveport Braves batting - Pitching for Arkansas Travelers : RHP Reginald Jackson
|
|
Batting: RHB Glenn Walker
|
0-0: Ball 1-0: Swinging Strike 1-1: Ball 2-1: Swinging Strike 2-2: Foul Ball, location: 2F 2-2: Strikes out looking
|
|
Batting: RHB Scott Ullger
|
0-0: Ball 1-0: Foul Ball, location: 2F 1-1: Foul Ball, location: 2F 1-2: Ball 2-2: Foul Ball, location: 2F 2-2: Foul Ball, location: 2F 2-2: Strikes out swinging
|
|
Batting: RHB Les Pearsey
|
0-0: Ball 1-0: Ball 2-0: Foul Ball, location: 2F 2-1: Ball 3-1: Ground out 4-3 (Groundball, 4, EV 100.0 MPH)
|
| Top of the 4th over - 0 runs, 0 hits, 0 errors, 0 left on base; Shreveport 1 - Arkansas 6 |
| BOTTOM OF THE 4TH |
|
Arkansas Travelers batting - Pitching for Shreveport Braves : LHP Stan Hawkins
|
|
Batting: LHB Phil Stephenson
|
0-0: Ball 1-0: Called Strike 1-1: Called Strike 1-2: Foul Ball, location: 2F 1-2: Ball 2-2: Foul Ball, location: 2F 2-2: Fly out, F7 (Flyball, 7LD, EV 90.6 MPH)
|
|
Batting: LHB Dave Magadan
|
0-0: Ball 1-0: Ball 2-0: Ball 3-0: Called Strike 3-1: Base on Balls
|
|
Batting: RHB Kevin Seitzer
|
0-0: Called Strike 0-1: Called Strike 0-2: DOUBLE (Line Drive, 78M, EV 93.8 MPH) Dave Magadan to third
|
|
Batting: LHB Terry Byrum
|
0-0: Called Strike 0-1: Ball 1-1: Ball 2-1: Called Strike 2-2: Fly out, F6 (Popup, 6, EV 81.9 MPH)
|
|
Batting: SHB Bob Meacham
|
0-0: Called Strike 0-1: SINGLE (Line Drive, 8RS, EV 100.6 MPH) Dave Magadan scores Kevin Seitzer to third Runner from 3rd tries for Home, SAFE, throw by CF to home Bob Meacham to second
|
|
Batting: SHB Bobby Bonilla
|
0-0: Swinging Strike 0-1: Ball 1-1: Swinging Strike 1-2: Ball 2-2: Foul Ball, location: 2F 2-2: Ball 3-2: Base on Balls
|
|
Batting: RHB Alex Duarte
|
0-0: Called Strike 0-1: Ball 1-1: Foul Ball, location: 2F 1-2: Ball 2-2: Ball 3-2: Ground out 5-3 (Groundball, 56S, EV 83.8 MPH)
|
| Bottom of the 4th over - 2 runs, 2 hits, 0 errors, 2 left on base; Shreveport 1 - Arkansas 8 |
| TOP OF THE 5TH |
|
Shreveport Braves batting - Pitching for Arkansas Travelers : RHP Reginald Jackson
|
|
Batting: RHB Jeff Matthews
|
0-0: Ball 1-0: Ball 2-0: Ball 3-0: Base on Balls
|
|
Batting: LHB Pete Bazan
|
0-0: Called Strike 0-1: DOUBLE (Line Drive, 89D, EV 106.9 MPH) Jeff Matthews to third Runner from 3rd tries for Home, SAFE, throw by CF to home
|
|
Batting: LHB Rusty McNealy
|
0-0: Ball 1-0: Ball 2-0: Swinging Strike 2-1: Ball 3-1: 2-RUN HOME RUN (Flyball, 9D, EV 86.3 MPH), Distance : 358 ft
|
|
Batting: LHB Jim Watkins
|
0-0: Foul Ball, location: 2F 0-1: Ball 1-1: Ball 2-1: Foul Ball, location: 2F 2-2: Strikes out swinging
|
|
Batting: SHB Sap Randall
|
0-0: Ball 1-0: Swinging Strike 1-1: Ball 2-1: Ball 3-1: Ground out 6-3 (Groundball, 6, EV 100.6 MPH)
|
|
Batting: RHB Alfonso Gomez
|
0-0: Ball 1-0: Ball 2-0: SINGLE (Groundball, 6S, EV 68.1 MPH) (infield hit)
|
|
Batting: RHB Glenn Walker
|
0-0: Foul Ball, location: 2F 0-1: Called Strike 0-2: Strikes out swinging
|
| Top of the 5th over - 3 runs, 3 hits, 0 errors, 1 left on base; Shreveport 4 - Arkansas 8 |
| BOTTOM OF THE 5TH |
|
Arkansas Travelers batting - Pitching for Shreveport Braves : LHP Stan Hawkins
|
|
Batting: RHB Michael Strawberry
|
0-0: Called Strike 0-1: Foul Ball, location: 2F 0-2: Ball 1-2: Ball 2-2: Strikes out swinging
|
|
Batting: RHB Denny Gonzalez
|
0-0: Ball 1-0: Foul Ball, location: 2F 1-1: Ball 2-1: Ground out 3-1 (Groundball, 34, EV 83.8 MPH)
|
|
Batting: LHB Phil Stephenson
|
0-0: Fly out, F6 (Popup, 6S, EV 66.3 MPH)
|
| Bottom of the 5th over - 0 runs, 0 hits, 0 errors, 0 left on base; Shreveport 4 - Arkansas 8 |
| TOP OF THE 6TH |
|
Shreveport Braves batting - Pitching for Arkansas Travelers : RHP Reginald Jackson
|
|
Batting: RHB Scott Ullger
|
0-0: Ball 1-0: Ball 2-0: Ball 3-0: Called Strike 3-1: DOUBLE (Line Drive, 78XD, EV 107.5 MPH)
|
|
Batting: RHB Les Pearsey
|
0-0: DOUBLE (Flyball, 78D, EV 93.1 MPH) Scott Ullger scores
|
|
Batting: RHB Jeff Matthews
|
0-0: Called Strike 0-1: Foul Ball, location: 2F 0-2: Ball 1-2: Ball 2-2: Foul Ball, location: 2F 2-2: Foul Ball, location: 2F 2-2: Foul Ball, location: 2F 2-2: Ball 3-2: Base on Balls
|
|
Batting: LHB Pete Bazan
|
0-0: Fly out, F9 (Flyball, 89S, EV 90.0 MPH)
|
|
Batting: LHB Rusty McNealy
|
0-0: Foul Ball, location: 2F 0-1: Ball 1-1: Ball 2-1: Foul Ball, location: 2F 2-2: Ball 3-2: Base on Balls Les Pearsey to third Jeff Matthews to second
|
|
Batting: LHB Jim Watkins
|
0-0: Foul Ball, location: 2F 0-1: Swinging Strike 0-2: Strikes out swinging
|
|
Batting: SHB Sap Randall
|
0-0: Ball 1-0: Called Strike 1-1: Foul Ball, location: 2F 1-2: Fly out, F9 (Flyball, 89D, EV 105.0 MPH)
|
| Top of the 6th over - 1 run, 2 hits, 0 errors, 3 left on base; Shreveport 5 - Arkansas 8 |
| BOTTOM OF THE 6TH |
|
Arkansas Travelers batting - Pitching for Shreveport Braves : LHP Stan Hawkins
|
|
Batting: LHB Dave Magadan
|
0-0: Ball 1-0: Fly out, F8 (Line Drive, 8LD, EV 90.6 MPH)
|
|
Pitching: RHP Dave Renderos
|
|
|
Batting: RHB Kevin Seitzer
|
0-0: Swinging Strike 0-1: Ball 1-1: Called Strike 1-2: TRIPLE (Line Drive, 78XD, EV 100.6 MPH)
|
|
Batting: LHB Terry Byrum
|
0-0: Ball 1-0: Called Strike 1-1: Ball 2-1: Foul Ball, location: 2F 2-2: Strikes out swinging
|
|
Batting: SHB Bob Meacham
|
0-0: Ball 1-0: Called Strike 1-1: Ground out 6-3 (Groundball, 6, EV 79.4 MPH)
|
| Bottom of the 6th over - 0 runs, 1 hit, 0 errors, 1 left on base; Shreveport 5 - Arkansas 8 |
| TOP OF THE 7TH |
|
Shreveport Braves batting - Pitching for Arkansas Travelers : RHP Reginald Jackson
|
|
Batting: RHB Alfonso Gomez
|
0-0: Called Strike 0-1: Ground out 5-3 (Groundball, 15, EV 83.1 MPH)
|
|
Batting: RHB Glenn Walker
|
0-0: Ball 1-0: Fly out, F8 (Flyball, 8RM, EV 93.1 MPH)
|
|
Batting: RHB Scott Ullger
|
0-0: Ball 1-0: SOLO HOME RUN (Flyball, 7D, EV 94.4 MPH), Distance : 374 ft
|
|
Pitching: RHP Donald Brazell
|
|
|
Batting: RHB Les Pearsey
|
0-0: Called Strike 0-1: Ball 1-1: Fly out, F6 (Flyball, 6MD, EV 86.3 MPH)
|
| Top of the 7th over - 1 run, 1 hit, 0 errors, 0 left on base; Shreveport 6 - Arkansas 8 |
| BOTTOM OF THE 7TH |
|
Arkansas Travelers batting - Pitching for Shreveport Braves : RHP Dave Renderos
|
|
Batting: SHB Bobby Bonilla
|
0-0: Swinging Strike 0-1: Swinging Strike 0-2: Ball 1-2: Foul Ball, location: 2F 1-2: Ball 2-2: Ground out U3 (Groundball, 3, EV 87.5 MPH)
|
|
Batting: RHB Alex Duarte
|
0-0: Ball 1-0: Called Strike 1-1: SINGLE (Groundball, 34D, EV 107.5 MPH)
|
|
Batting: RHB Michael Strawberry
|
0-0: Ball 1-0: Ball 2-0: Called Strike 2-1: Ground out 5-3 (Groundball, 56S, EV 69.4 MPH) Alex Duarte to second
|
|
Batting: RHB Denny Gonzalez
|
0-0: Ball 1-0: Ball 2-0: Ground out U3 (Groundball, 3, EV 90.0 MPH)
|
| Bottom of the 7th over - 0 runs, 1 hit, 0 errors, 1 left on base; Shreveport 6 - Arkansas 8 |
| TOP OF THE 8TH |
|
Shreveport Braves batting - Pitching for Arkansas Travelers : RHP Donald Brazell
|
|
Batting: RHB Jeff Matthews
|
0-0: Ball 1-0: Ball 2-0: Fly out, F8 (Flyball, 8RD, EV 88.8 MPH)
|
|
Batting: LHB Pete Bazan
|
0-0: Ball 1-0: Ball 2-0: Ball 3-0: Called Strike 3-1: Base on Balls
|
|
Batting: LHB Rusty McNealy
|
0-0: Ball 1-0: Fielders Choice at 2nd, 5-4 (Groundball, 56, EV 89.4 MPH)
|
|
Batting: LHB Jim Watkins
|
0-0: Ball 1-0: Ball 2-0: Ball 3-0: Called Strike 3-1: Swinging Strike 3-2: Foul Ball, location: 2F 3-2: Strikes out looking
|
| Top of the 8th over - 0 runs, 0 hits, 0 errors, 1 left on base; Shreveport 6 - Arkansas 8 |
| BOTTOM OF THE 8TH |
|
Arkansas Travelers batting - Pitching for Shreveport Braves : RHP Dave Renderos
|
|
Batting: LHB Phil Stephenson
|
0-0: Called Strike 0-1: DOUBLE (Flyball, 8LXD, EV 91.3 MPH)
|
|
Batting: LHB Dave Magadan
|
0-0: Intentional Walk
|
|
Batting: RHB Kevin Seitzer
|
0-0: Ball 1-0: Ball 2-0: Ball 3-0: Base on Balls Phil Stephenson to third Dave Magadan to second
|
|
Batting: LHB Terry Byrum
|
0-0: Foul Ball, location: 2F 0-1: Ball 1-1: Foul Ball, location: 2F 1-2: Ball 2-2: Foul Ball, location: 2F 2-2: Ball 3-2: SINGLE (Line Drive, 6MD, EV 98.8 MPH) Phil Stephenson scores Dave Magadan to third Kevin Seitzer to second Runner from 3rd tries for Home, SAFE, throw by CF to home
|
|
Batting: SHB Bob Meacham
|
0-0: Ball 1-0: Foul Ball, location: 2F 1-1: Bunted foul 1-2: Ball Wild Pitch! Kevin Seitzer to third Terry Byrum to second 2-2: Ball 3-2: Fly out, F6 (Flyball, 56D, EV 90.6 MPH)
|
|
Batting: SHB Bobby Bonilla
|
0-0: Intentional Walk
|
|
Batting: RHB Alex Duarte
|
0-0: Called Strike 0-1: SINGLE (Groundball, 34D, EV 97.5 MPH) Kevin Seitzer scores Terry Byrum to third Bobby Bonilla to second Runner from 3rd tries for Home, SAFE, throw by RF to home
|
|
Pitching: RHP Philip Costello
|
|
|
Batting: RHB Michael Strawberry
|
0-0: Called Strike 0-1: Ball 1-1: Ball 2-1: Ball 3-1: Foul Ball, location: 2F 3-2: Base on Balls Bobby Bonilla to third Alex Duarte to second
|
|
Batting: RHB Denny Gonzalez
|
0-0: Grounds out, U3 (Groundball, 3L, EV 79.4 MPH) Bobby Bonilla scores Alex Duarte to third
|
|
Batting: LHB Phil Stephenson
|
0-0: SINGLE (Groundball, 4MD, EV 101.9 MPH) Alex Duarte scores Michael Strawberry to third Runner from 3rd tries for Home, SAFE, throw by CF to home
|
|
Pinch Hitting: RHB Greg Gagne
|
0-0: Ball 1-0: Swinging Strike 1-1: Ground out 5-3 (Groundball, 56S, EV 87.5 MPH)
|
| Bottom of the 8th over - 7 runs, 4 hits, 0 errors, 1 left on base; Shreveport 6 - Arkansas 15 |
| TOP OF THE 9TH |
|
Shreveport Braves batting - Pitching for Arkansas Travelers : RHP Donald Brazell
|
|
Now at 1B: Kenneth Foster
|
|
|
Batting: SHB Sap Randall
|
0-0: Ball 1-0: Swinging Strike 1-1: Called Strike 1-2: Strikes out looking
|
|
Batting: RHB Alfonso Gomez
|
0-0: Fly out, F8 (Flyball, 8LS, EV 87.5 MPH)
|
|
Batting: RHB Glenn Walker
|
0-0: Swinging Strike 0-1: SINGLE (Line Drive, 34D, EV 94.4 MPH)
|
|
Batting: RHB Scott Ullger
|
0-0: Ball 1-0: Fielders Choice at 2nd, 6-4 (Groundball, 56, EV 106.9 MPH)
|
| Top of the 9th over - 0 runs, 1 hit, 0 errors, 1 left on base; Shreveport 6 - Arkansas 15 |
|